 Dungeon Crawl Stone Soup version 0.31.0-11-ge490571c62 (webtiles) character file.

Game seed: 6228566053938139698

110 raph the Firebug (level 4, -2/24 HPs)
             Began as a Deep Elf Fire Elementalist on Feb 8, 2024.
             Killed by nerve-wracking pain
             ... invoked by an orc priest
              (14 damage)
             ... on level 3 of the Dungeon.
             The game lasted 00:03:42 (3079 turns).

raph the Firebug (Deep Elf Fire Elementalist)       Turns: 3079, Time: 00:03:43

Health: -2/24      AC:  5    Str:  5    XL:     4   Next: 61%
Magic:  2/11       EV: 13    Int: 22    God:
Gold:   115        SH:  0    Dex: 15    Spells: 1/10 levels left

rFire   . . .        f - +1 falchion (holy)
rCold   . . .        (no shield)
rNeg    . . .        a - +0 robe
rPois   .            k - +0 helmet
rElec   .            i - +0 cloak
rCorr   .            g - +0 pair of gloves
SInv    +            (no boots)
Will    .....        (no amulet)
Stlth   ++           h - ring of see invisible
HPRegen 0.24/turn    (no ring)
MPRegen 0.12/turn

%: no passive effects
@: no status effects
A: no striking features
a: no special abilities


You were on level 3 of the Dungeon.
You visited 1 branch of the dungeon, and saw 3 of its levels.

You collected 115 gold pieces.

Inventory:

Hand Weapons
 e - a +0 dagger
 f - a +1 falchion of holy wrath (weapon)
Armour
 a - a +0 robe (worn)
 g - a +0 pair of gloves (worn)
 i - a +0 cloak (worn)
 k - a +0 helmet (worn)
Jewellery
 h - a ring of see invisible (left hand)
Scrolls
 l - a scroll of poison
 m - a scroll of revelation {unknown}
Potions
 b - 2 potions of magic
 c - a potion of heal wounds
 d - a potion of might {unknown}
 j - 2 potions of curing
 n - a potion of lignification {unknown}
 p - a potion of invisibility {unknown}


   Skills:
 + Level 0.3 Fighting
 - Level 3.1 Dodging
 - Level 3.1 Stealth
 + Level 3.7 Spellcasting
 * Level 2.7 Conjurations
 * Level 4.2 Fire Magic


You had one spell level left.
You knew the following spells:

 Your Spells              Type           Power      Damage    Failure   Level
a - Foxfire               Conj/Fire      76%        2x1d7     2%          1
b - Scorch                Fire           44%        2d6       3%          2
c - Inner Flame           Hex/Fire       13%        N/A       14%         3
d - Volatile Blastmotes   Fire/Tloc      26%        2d12      14%         3

Your spell library contained the following spells:

 Spells                   Type           Power      Damage    Failure   Level
 Flame Wave               Conj/Fire      19%        2d7       28%         4


Dungeon Overview and Level Annotations

Branches:
Dungeon (3/15)

Altars:


Message History

The orc is severely wounded.
Casting: Foxfire (safe; 2% risk of failure)
Confirm with . or Enter, or press ? or * to list all spells.
You conjure some foxfire!
The foxfire hits the orc!
You kill the orc!
The foxfire hits the orc priest but does no damage.
The foxfire hits the orc.
The orc is lightly wounded.
Casting: Foxfire (safe; 2% risk of failure)
Confirm with . or Enter, or press ? or * to list all spells.
You conjure some foxfire!
The foxfire hits the orc.
The orc is heavily wounded.
The orc priest calls upon Beogh to heal the orc.
The orc's wounds heal themselves!
Casting: Foxfire (safe; 2% risk of failure)
Confirm with . or Enter, or press ? or * to list all spells.
You conjure some foxfire!
The foxfire hits the orc.
The orc is heavily wounded.
The orc priest invokes the aid of Beogh against you.
Beogh smites you!
Ouch! That really hurt!
The foxfire hits the orc priest but does no damage.
Casting: Foxfire (safe; 2% risk of failure)
Confirm with . or Enter, or press ? or * to list all spells.
Aiming: Inner Flame (quite dangerous; 14% risk of failure)
Press: ? - help, Dir - move target, f - orc
Aim: an orc, wielding a +0 trident and wearing a +0 leather armour (heavily wounded, ally target, chance to affect: 80%)
The orc barely resists.
The foxfire hits the orc.
The orc is severely wounded.
The foxfire hits the orc but does no damage.
The orc is severely wounded.
The foxfire hits the orc.
You kill the orc!
Casting: Inner Flame (quite dangerous; 14% risk of failure)
Confirm with . or Enter, or press ? or * to list all spells.
You conjure some foxfire!
The orc priest calls down the wrath of Beogh upon you.
Pain shoots through your body!
Ouch! That really hurt!
You die...

#.# .o.##.##.#.
#......... #.#
.....##...##.#.....<.
#.#
....................
#.#
####....#.#.##.#..#.#..
#.#
#.)....................
#.#
#.##.)o##.#.#..........
#.#
#.##.).##.#.#.#...#.#..
#.#
#.##.§§##.........#....
#.#
#.##..@v.........##.#.)
#.#
#.##.#v#..#.#.#.###.#..
#.#
#†##.................
#.#
#.##.####.....#.#####
#.# #.........#.#.#.# .
#.#
####.####.#.#.#.#####..
#.# ######.#.#.........
#.# #..........######.
#.#
########.#.#.....>....


You could see an orc priest (ally target).

Vanquished Creatures
  An iguana (D:3)
  4 adders
  A dart slug (D:3)
  3 orcs (D:3)
  8 ball pythons
  4 bats
  4 endoplasms
  2 giant cockroaches (D:1)
  2 hobgoblins (D:3)
  3 quokkas
  6 frilled lizards
  2 goblins
  4 kobolds
  6 rats
50 creatures vanquished.

Vanquished Creatures (others)
  119 foxfires
119 creatures vanquished.

Grand Total: 169 creatures vanquished

Notes
Turn   | Place    | Note
-------+----------+-------------------------------------------
     0 | D:1      | raph the Deep Elf Fire Elementalist began the quest for the
                  | Orb.
     0 | D:1      | Reached XP level 1. HP: 10/10 MP: 6/6
   326 | D:1      | Reached XP level 2. HP: 8/15 MP: 5/8
   353 | D:1      | Learned a level 2 spell: Scorch
   683 | D:1      | You fall into a shaft and drop 1 floor!
  1505 | D:2      | Found a faded altar of an unknown god.
  1690 | D:2      | Reached XP level 3. HP: 19/19 MP: 6/9
  1694 | D:2      | Learned a level 3 spell: Inner Flame
  2425 | D:3      | Reached skill level 4 in Fire Magic
  2425 | D:3      | Reached XP level 4. HP: 24/24 MP: 3/11
  2429 | D:3      | Learned a level 3 spell: Volatile Blastmotes
  3079 | D:3      | Killed from afar by an orc priest

Illustrated notes

Levels and vault maps discovered:
D:1:      erik_arrival_blinker_ship, layout_basic, serial_bayou_ford_a
D:2:      layout_rooms, shapermc_ecumenical_altar_acropolis,
          kennysheep_cluttered_room
D:3:      layout_basic

Skill      XL: |  1  2  3 |
---------------+----------+-----
Conjurations   | 2 |  2.7
Dodging        | 3 |  3.1
Stealth        | 3 |  3.1
Fire Magic     | 4 |  4.2
Fighting       | |  0.3
Spellcasting   | |  3.7

Action                     |  1- 3 |  4- 6 || total
---------------------------+-------+-------++-------
  Melee: Dagger            |     2 |       ||     2
         Unarmed           |     1 |       ||     1
         Falchion          |     1 |       ||     1
   Cast: Foxfire           |    55 |    21 ||    76
         Scorch            |    22 |     6 ||    28
         Inner Flame       |       |     1 ||     1
    Use: Scroll            |     3 |     4 ||     7
 Armour: Robe              |     4 |       ||     4
  Dodge: Dodged            |    15 |     1 ||    16
